 Dungeon Crawl Stone Soup version 0.30-a0-867-g305f33218d (webtiles) character file.

Game seed: 6098372409784877033

791 Grim the Skirmisher (level 7, -2/56 HPs)
             Began as a Minotaur Hunter on Mar 10, 2023.
             Was an Initiate of Gozag.
             Killed by divine providence
             ... invoked by an orc priest
              (16 damage)
             ... on level 4 of the Dungeon.
             The game lasted 00:07:36 (3978 turns).

Grim the Skirmisher (Minotaur Hunter)               Turns: 3978, Time: 00:07:37

Health: -2/56      AC:  4    Str: 16    XL:     7   Next: 57%
Magic:  6/6        EV: 12    Int:  6    God:    Gozag
Gold:   494        SH:  0    Dex: 15    Spells: 6/6 levels left

rFire   . . .      SeeInvis .    b - +0 hand axe
rCold   . . .      Faith    .    (no shield)
rNeg    . . .      Spirit   .    c - +0 leather armour
rPois   .          Reflect  .    (helmet restricted)
rElec   .          Rampage  .    (no cloak)
rCorr   .                        j - +0 pair of gloves
Will    .....                    (no boots)
Stlth   +                        (no amulet)
HPRegen 0.29/turn                (no ring)
MPRegen 0.10/turn                (no ring)

@: confused
A: horns 2, retaliatory headbutt
a: Renounce Religion, Potion Petition, Call Merchant, Bribe Branch


You were on level 4 of the Dungeon.
You worshipped Gozag.
Gozag was aware of your devotion.
You visited 1 branch of the dungeon, and saw 4 of its levels.

You collected 534 gold pieces.
You paid 40 gold pieces to Gozag.

Inventory:

Hand Weapons
 a - a +0 shortbow
 b - a +0 hand axe (weapon)
Armour
 c - a +0 leather armour (worn)
 j - a +0 pair of gloves (worn)
Jewellery
 d - a ring of flight
 r - a ring of ice
Wands
 l - a wand of flame (18)
Scrolls
 e - 2 scrolls of noise {unknown}
 f - a scroll of immolation
 n - 3 scrolls of identify {unknown}
 v - a scroll of enchant weapon {unknown}
 w - 2 scrolls of teleportation {unknown}
Potions
 g - a potion of magic {unknown}
 h - 2 potions of lignification {unknown}
 i - 3 potions of curing {unknown}
 k - a potion of attraction {unknown}
 m - 2 potions of might {unknown}
 o - 4 potions of brilliance {unknown}
 p - 2 potions of ambrosia {unknown}
 q - a potion of berserk rage {unknown}
 s - 2 potions of heal wounds
 t - 4 potions of degeneration {unknown}
 u - a potion of mutation {unknown}


   Skills:
 - Level 2.4 Fighting
 - Level 4.1 Axes
 * Level 9.5 Ranged Weapons
 - Level 2.1 Dodging
 - Level 0.7 Stealth


You had 6 spell levels left.
You didn't know any spells.
Your spell library contained the following spells:

 Spells                   Type           Power      Damage    Failure   Level
 Kiss of Death            Conj/Necr      0%         2d5       52%         1
 Confusing Touch          Hex            0%         N/A       88%         3
 Summon Guardian Golem    Hex/Summ       0%         N/A       88%         3
 Dispel Undead            Necr           0%         3d6       99%         4
 Orb of Destruction       Conj           0%         9d5       100%        7
 Spellforged Servitor     Conj/Summ      0%         N/A       100%        7


Dungeon Overview and Level Annotations

Branches:
Dungeon (4/15)             Temple (0/1) D:4

Altars:
Cheibriados
Gozag
Okawaru
Qazlal
Sif Muna

Shops:
D:1 =   D:3 *


Innate Abilities, Weirdness & Mutations

You have a pair of horns on your head.
You reflexively headbutt those who attack you in melee.


Message History

The orc wizard flickers and vanishes!
Deactivating autopickup; reactivate with Ctrl-A.
b - a +0 hand axe (weapon)
The orc priest barely misses you.
You hit the orc priest but do no damage.
The orc priest is lightly wounded.
The orc priest calls down the wrath of Beogh upon you.
Pain shoots through your body!
You hit the orc priest.
The orc priest is moderately wounded.
The orc priest mumbles some strange prayers to Beogh against you.
Pain shoots through your body!
You hit the orc priest.
The orc priest is heavily wounded.
You barely miss something. Your headbutt misses something.
You hit the orc priest.
The orc priest hits you with a +0 hand axe.
* * * LOW HITPOINT WARNING * * *
You hear some strange, mumbled words.
You are confused.
You bump into the rock wall.
The orc priest hits you with a +0 hand axe.
* * * LOW HITPOINT WARNING * * *
Something hits you but does no damage.
You miss something. You hit the orc priest.
The orc priest hits you but does no damage.
Something hits you.
* * * LOW HITPOINT WARNING * * *
You bump into the rock wall.
The orc priest closely misses you.
You hear some strange, mumbled words.
A puff of flame appears from out of thin air!
The puff of flame hits you!
* * * LOW HITPOINT WARNING * * *
Unknown command.
You miss something. Your headbutt misses something.
You closely miss the orc priest.
The orc priest calls down the wrath of Beogh upon you.
Beogh smites you!
You die...
Your body crumbles into a pile of gold.

##.#..........................(..
.#.......#####...#.####.##.#.##..
...#####.# #.########.##.#.##.#
.#.....#.# #.#...........#.##.#
.#####.#.# #.#.######.####.##.#
.#####.#.# #.#)# #....#.##[#
.......#.#####.#.# ####...##.#
########.......#o####### ###.##..
#########@{$$...# ###### ##
#######.# # .# # .# # .# .###
...## .#..### .##...##


You could see an orc priest.

Vanquished Creatures
  Sigmund (D:4)
  Edmund (D:4)
  A phantom (D:4)
  A hound (D:4)
  A gnoll bouda (D:1)
  Jessica (D:2)
  2 iguanas
  3 orc wizards (D:3)
  Robin (D:3)
  5 adders
  4 gnolls (D:1)
  A worm (D:2)
  6 dart slugs
  17 orcs
  10 endoplasms
  3 giant cockroaches
  8 hobgoblins
  9 jackals
  4 quokkas
  6 ball pythons
  5 bats
  4 frilled lizards
  11 goblins
  6 kobolds
  5 rats
116 creatures vanquished.

Notes
Turn   | Place    | Note
-------+----------+-------------------------------------------
     0 | D:1      | Grim the Minotaur Hunter began the quest for the Orb.
     0 | D:1      | Reached XP level 1. HP: 18/18 MP: 0/0
    74 | D:1      | Reached XP level 2. HP: 25/25 MP: 1/1
   120 | D:1      | Found Yburaiti's Jewellery Shoppe.
   151 | D:1      | Reached skill level 5 in Ranged Weapons
   358 | D:1      | Reached skill level 1 in Axes
   406 | D:1      | Reached XP level 3. HP: 30/30 MP: 2/2
   810 | D:2      | Noticed Jessica
   811 | D:2      | Killed Jessica
   829 | D:2      | Reached XP level 4. HP: 37/37 MP: 3/3
   932 | D:1      | Reached skill level 6 in Ranged Weapons
  1205 | D:1      | Reached XP level 5. HP: 20/42 MP: 4/4
  1881 | D:3      | Found an iron altar of Okawaru.
  1885 | D:3      | Found a shimmering blue altar of Sif Muna.
  1886 | D:3      | Found a snail-covered altar of Cheibriados.
  1886 | D:3      | Found a stormy altar of Qazlal.
  1891 | D:3      | Found an opulent altar of Gozag.
  1901 | D:3      | Became a worshipper of Gozag Ym Sagoz the Greedy
  1934 | D:3      | Reached skill level 7 in Ranged Weapons
  1948 | D:3      | Reached XP level 6. HP: 45/50 MP: 5/5
  2176 | D:3      | Noticed Robin
  2188 | D:3      | Killed Robin
  2529 | D:3      | Found Datteh's General Store.
  3109 | D:4      | Reached skill level 8 in Ranged Weapons
  3275 | D:4      | Noticed Sigmund
  3291 | D:4      | Killed Sigmund
  3292 | D:4      | Reached skill level 9 in Ranged Weapons
  3292 | D:4      | Reached XP level 7. HP: 24/56 MP: 6/6
  3313 | D:4      | Noticed Edmund
  3323 | D:4      | Killed Edmund
  3572 | D:4      | Found a staircase to the Ecumenical Temple.
  3978 | D:4      | Killed from afar by an orc priest

Illustrated notes

Levels and vault maps discovered:
D:1:      shiori_arrival_elements, layout_loops_cross, serial_shops,
          nicolae_shop_crystal, minmay_misc_feat_iff, minmay_tromino_v4_a
D:2:      layout_rooms, serial_corexii_hall, corexii_hall_statues_deadend,
          corexii_hall_statues_i, chequers_hall_statues_corner_a, uniq_jessica
D:3:      layout_basic, minitemple, serial_shops, shop, uniq_robin
D:4:      layout_basic, nicolae_ru_path_of_blood, temple_doors_ab,
          sigmund_edmund_badplayer

Skill      XL: |  1  2  3  4  5  6 |
---------------+-------------------+-----
Ranged Weapons | 5 6 7 9 |  9.5
Axes           | 1 2 3 4 |  4.1
Fighting       | |  2.4
Dodging        | |  2.1
Stealth        | |  0.7

Action                     |  1- 3 |  4- 6 |  7- 9 || total
---------------------------+-------+-------+-------++-------
  Melee: Unarmed           |     1 |       |       ||     1
         Hand axe          |    27 |   101 |    10 ||   138
         Headbutt          |     5 |    14 |     2 ||    21
   Fire: Shortbow          |    55 |   143 |    28 ||   226
    Use: Potion            |       |     2 |       ||     2
 Armour: Leather armour    |     9 |    39 |     2 ||    50
  Dodge: Dodged            |    39 |    93 |     4 ||   136

Table legend: (Time is in decaauts)
 A = Elapsed time spent in this place.
 B = Non-inter-level travel time spent in this place.
 C = Inter-level travel time spent in this place.
 D = Time resting spent in this place.
 E = Time spent auto-exploring this place.
 F = Levels seen in this place.
 G = Mean time per level.
                   A        B        C        D        E       F      G
               +--------+--------+--------+--------+--------+-----+--------+
         Total |   4012 |   3905 |    107 |    644 |   2544 |   4 | 1003.0 |
       Dungeon |   4012 |   3905 |    107 |    644 |   2544 |   4 | 1003.0 |
               +--------+--------+--------+--------+--------+-----+--------+

Top non-repeatable levels by time:
     D:1: 1182 daAuts
     D:3: 1138 daAuts
     D:4: 1118 daAuts
     D:2: 572 daAuts
